Fred, chaotic male elven Wizard -------------------------- |>.......*............)^%| |.......----------------.| -------.------ |.| |...........| |.| |.`.......`.| |.| --------.----| |.| |............| |.| |............| |.| -----.-------- ------|.| |....I`@...| --|.....|.| |....%'....| |.+.....|.| |.........-- |-|.....|.| -------.---- |.+.....+.| |........| |-|.....|-- |........| |.+.....| |...------ --|.....| ----- ------- Fred the Thaumaturge Experience level: 8 Strength: 15 Dexterity: 11 Constitution: 15 Intelligence: 20 Wisdom: 13 Charisma: 11 Health: 0(52) Energy: 88(95) Def: 8 Gold: 2624 Moves: 7658 Dungeon seed: 5sIysO0FIn8uTo0H Game ID: Fred_1615895241 Your Inventory: Coins $ - 2624 gold pieces Weapons a - a blessed +3 quarterstaff (weapon in hands) Armor e - a blessed +2 cloak of magic resistance (being worn) G - an uncursed +0 leather armor (being worn) I - an uncursed +0 dwarvish iron helm (being worn) N - an uncursed +0 pair of speed boots (being worn) Comestibles c - an uncursed fortune cookie o - 2 uncursed slime molds q - 10 uncursed food rations r - 3 uncursed tripe rations u - an uncursed carrot z - an uncursed clove of garlic A - an uncursed cream pie Scrolls f - an uncursed scroll of teleportation i - an uncursed scroll of remove curse M - an uncursed scroll of enchant weapon Q - an uncursed scroll of amnesia Z - 2 uncursed scrolls of earth Spellbooks K - an uncursed spellbook of invisibility Potions g - a blessed potion of paralysis w - 2 uncursed potions of water x - a blessed potion of gain energy Rings d - an uncursed ring of fire resistance (on left hand) l - an uncursed ring of protection from shape changers s - an uncursed ring of stealth V - an uncursed +1 ring of gain constitution X - an uncursed ring of shock resistance (on right hand) Wands b - a wand of slow monster (0:5) h - a wand of lightning (0:5) p - a wand of digging (0:0) t - a wand of magic missile (0:7) B - a wand of death (0:0) C - a wand of digging (0:8) D - a wand of teleportation (0:5) J - a wand of teleportation (0:7) O - a wand of speed monster (0:7) W - a wand of create monster (0:10) Tools j - an uncursed wooden flute n - an uncursed bugle v - an uncursed tallow candle (0:200) F - a +0 unicorn horn P - a blessed brass lantern (0:373) S - a cursed can of grease (0:18) U - an uncursed skeleton key Gems y - an uncursed worthless piece of yellowish brown glass Y - an uncursed worthless piece of blue glass Spells and supernatural/magical abilities: Name Level Category Fail Memory a - force bolt 1 attack 0% 62% i - invisibility 4 escape 95% 76% z - sleep 1 enchantment 0% 62% W - pray for help -- divine ? -- Your skills at the end: Fighting Skills Weapon Skills quarterstaff [Basic] Spellcasting Skills attack spells [Basic] enchantment spells [Basic] Final Attributes: You were piously aligned. You were fire resistant. You were sleep resistant. You were shock resistant. You were magic-protected. You had infravision. You were very fast. You are dead. Vanquished creatures: a large mimic a small mimic a tiger an elf mummy a human mummy a leather golem a chameleon 2 giant beetles 2 wolves a lynx a panther a giant spider a vampire bat a gnome king an owlbear 2 gold golems 2 dogs a jaguar 2 dwarf lords a blue jelly a white unicorn a dust vortex 2 gnome mummies 2 water moccasins 3 apes 2 water nymphs a mountain nymph a rock piercer a pony 3 yellow lights 2 shriekers a violet fungus 8 gnome lords 5 gnomish wizards 2 golden naga hatchlings a gray ooze 2 elf zombies a baby crocodile 2 giant ants a floating eye a kitten 13 dwarves a homunculus 3 rothes a centipede 2 monkeys a wererat an iguana 11 killer bees 2 acid blobs 4 coyotes 3 hobbits 25 manes a large kobold 2 hobgoblins a giant rat 6 cave spiders 2 yellow molds 35 gnomes 4 garter snakes 2 geckos 4 jackals 2 kobolds 4 goblins 4 sewer rats 8 grid bugs 4 lichens 3 kobold zombies 8 newts 225 creatures vanquished. Genocided species: mind flayers master liches 2 species genocided. Voluntary challenges: You used a wielded weapon 296 times, starting on turn 72. You read items or engraved 25 times, starting on turn 1. You genocided 2 types of monsters, starting on turn 154. You never polymorphed an object. You never changed form. You used no wishes. You never split a pudding. You never wrote Elbereth's name. You violated your moral code, losing 22 points of alignment, starting on turn 4796. Dungeon overview: The Dungeons of Doom: levels 1 to 9 Level 1 some fountains, a sink a long staircase Level 2 a fountain Level 3 a fountain stairs to The Gnomish Mines Level 4 a general store, a fountain Level 5 a fountain Level 6 a fountain Level 7 Level 8 many fountains Level 9 an altar to Thoth, a fountain stairs to Sokoban The Gnomish Mines: levels 4 to 8 Level 4 stairs to The Dungeons of Doom Level 5 Level 6 some shops, a temple to Thoth, some fountains Level 7 Level 8 Sokoban: levels 5 to 8 Level 5 <- You were here Level 6 Level 7 Level 8 stairs to The Dungeons of Doom History has recorded: On T:1 you entered the Dungeons of Doom to retrieve the Amulet of Yendor! On T:249 you reached level 2 of The Dungeons of Doom. On T:652 you advanced to experience level 2. On T:657 you reached level 3 of The Dungeons of Doom. On T:850 you advanced to experience level 3. On T:876 you reached level 1 of The Gnomish Mines. On T:962 you advanced to experience level 4. On T:1118 you reached level 2 of The Gnomish Mines. On T:1140 you advanced to experience level 5. On T:1180 you advanced to experience level 6. On T:1380 you reached level 3 of The Gnomish Mines. On T:1694 you advanced to experience level 7. On T:1720 you reached level 4 of The Gnomish Mines. On T:2044 you reached level 5 of The Gnomish Mines. On T:2503 you advanced to experience level 8. On T:2975 you reached level 4 of The Dungeons of Doom. On T:3601 you reached level 5 of The Dungeons of Doom. On T:3889 you reached level 6 of The Dungeons of Doom. On T:4179 you reached level 7 of The Dungeons of Doom. On T:4963 you reached level 8 of The Dungeons of Doom. On T:5168 you reached level 9 of The Dungeons of Doom. On T:5353 you reached level 4 of Sokoban. On T:5852 you reached level 3 of Sokoban. On T:6298 you reached level 2 of Sokoban. On T:6645 you reached level 1 of Sokoban. Score breakdown: Gold: 2624 (11630 points) Experience: 8 levels (14739 points) Exploration: 9 levels ( 18.75%) (12377 points) Discoveries: 19 items ( 6.86%) ( 7857 points) Valuables value: (no points given unless you survive) Artifact value: 0 ( 0 points) Variety of kills: 69 monsters ( 18.11%) (12766 points) Turncount: 7658 turns (-1984 points) Survival: died (score multiplied by 80%) Total score: 45908 Latest messages: Perhaps that's why you cannot move it. You hit the gold golem! You hit the gold golem. The spell hits the gold golem! The gold golem hits! The gold golem misses. You kill the iguana! The gold golem hits! (2x) Never mind. Never mind. The gold golem seems to be moving slower. The gold golem hits! (2x) You die... Final status: Goodbye Fred the Wizard, killed by a gold golem... You died in Sokoban on dungeon level 5 with 45908 points, and 2624 pieces of gold, after 7658 moves. You were level 8 with a maximum of 52 hit points when you died.